 Dungeon Crawl Stone Soup version 0.30.1-4-g462c640d31 (webtiles) character file.

Game seed: 2373360672175735294

58614 Peloso the Fencer (level 14, -2/129 HPs)
             Began as a Minotaur Fighter on Sept 10, 2023.
             Was the Champion of Okawaru.
             Slain by a deep elf knight
             ... wielding a +0 short sword
              (4 damage)
             ... while paralysed by an ogre mage
             ... on level 13 of the Dungeon.
             The game lasted 00:42:17 (20050 turns).

Peloso the Fencer (Minotaur Fighter)               Turns: 20050, Time: 00:42:17

Health: -2/129     AC: 35    Str: 21    XL:     14   Next: 50%
Magic:  14/14      EV:  2    Int:  5    God:    Okawaru [******]
Gold:   1739       SH:  0    Dex: 15    Spells: 13/13 levels left

rFire   + + .        a - +11 Screaming Sword {sonic wave}
rCold   . . .        d - +0 tower shield
rNeg    . . .        y - +6 plate armour of Repulsion {Stlth+}
rPois   .            (helmet restricted)
rElec   .            (no cloak)
rCorr   .            A - +2 pair of gloves
SInv    .            V - +3 pair of seven-league boots {Rampage+∞}
Will    +....        (no amulet) Stlth
                     L - +4 ring of protection
HPRegen 0.41/turn    o - ring of protection from fire
MPRegen 0.14/turn

%: rampage+∞
@: paralysed
A: horns 2, retaliatory headbutt, fire resistance 1
a: Renounce Religion, Heroism, Finesse, Duel


You were on level 13 of the Dungeon.
You worshipped Okawaru.
Okawaru was exalted by your worship.
You visited 4 branches of the dungeon, and saw 19 of its levels.
You also visited: Sewer.

You collected 1739 gold pieces.

Inventory:

Hand Weapons
 a - the +11 Screaming Sword (weapon) {sonic wave}
   (You found it on level 7 of the Dungeon)
 b - a +2 vampiric demon blade
 c - a +2 scimitar of flaming
Missiles
 P - a throwing net (quivered)
Armour
 d - a +0 tower shield (worn)
 y - the +6 plate armour of Repulsion (worn) {Stlth+}
   (Okawaru gifted it to you on level 1 of the Lair of Beasts)

   Stlth:     It makes you more stealthy.
 A - a +2 pair of gloves (worn)
 V - the +3 pair of seven-league boots (worn) {Rampage+∞}
   (You found it on level 2 of the Lair of Beasts)

   Rampage+∞: When moving toward enemies, its wearer moves as far as possible,
   alerting their target en route.
Jewellery
 h - a ring of fire
 k - a ring of positive energy
 o - a ring of protection from fire (right hand)
 L - a +4 ring of protection (left hand)
 R - an amulet of the acrobat
 W - a +6 ring of dexterity
Wands
 S - a wand of digging (1)
Scrolls
 e - 2 scrolls of blinking
 g - 3 scrolls of poison
 p - 3 scrolls of teleportation
 r - 5 scrolls of magic mapping
 s - 3 scrolls of fear
 v - a scroll of immolation
 w - 3 scrolls of noise
 J - 6 scrolls of identify
Potions
 f - 2 potions of might
 i - 5 potions of heal wounds
 j - a potion of ambrosia
 n - 2 potions of berserk rage
 u - a potion of invisibility
 x - 4 potions of haste
 z - 4 potions of attraction
 F - 5 potions of lignification
 T - 2 potions of flight


   Skills:
 + Level 13.2 Fighting
 + Level 16.5 Long Blades
 + Level 7.5 Maces & Flails
 + Level 14.7 Armour
 + Level 4.7 Dodging
 + Level 2.5 Stealth
 + Level 15.0 Shields
 + Level 0.1 Unarmed Combat
 + Level 1.4 Invocations
 + Level 0.9 Evocations


You had 13 spell levels left.
You didn't know any spells.
Your spell library contained the following spells:

 Spells                   Type           Power      Damage    Failure   Level
 Anguish                  Hex/Necr       0%         N/A       100%        4
 Cause Fear               Hex            0%         N/A       100%        4
 Manifold Assault         Tloc           0%         N/A       100%        4
 Petrify                  Tmut/Erth      0%         N/A       100%        4
 Metabolic Englaciation   Hex/Ice        0%         N/A       100%        5
 Dispersal                Tloc           0%         N/A       100%        6
 Statue Form              Tmut/Erth      0%         N/A       100%        6
 Enfeeble                 Hex            0%         N/A       100%        7
 Disjunction              Tloc           0%         N/A       100%        8
 Summon Small Mammal      Summ           Unusable   N/A       N/A         1
 Call Canine Familiar     Summ           Unusable   N/A       N/A         3
 Summon Guardian Golem    Hex/Summ       Unusable   N/A       N/A         3

Dungeon Overview and Level Annotations

Branches:
Dungeon (13/15)            Temple (1/1) D:6            Lair (3/5) D:9
 Shoals (0/4) Lair:2        Snake (0/4) Lair:2          Orc (2/2) D:10
    Elf (0/3) Orc:2         Sewer (visited)
 Vaults: D:13-14

Altars:
Ashenzari
Cheibriados
Dithmenos
Elyvilon
Fedhas
Gozag
Hepliaklqana
Kikubaaqudgha
Makhleb
Nemelex Xobeh
Okawaru
Qazlal
Ru
Sif Muna
Trog
Uskayaw
Vehumet
Wu Jian
Xom
Yredelemnul
Zin
The Shining One
Lugonu

Shops:
D:9 !   D:11 !   Orc:2 ?:[:

Annotations:
Lair:1 Casa - 1 runed translucent door, Zeus21348's ghost, journeyman GrEE
Lair:3 3 runed translucent doors, Glaurung's ghost, journeyman MiBe


Innate Abilities, Weirdness & Mutations

You have a pair of horns on your head.
You reflexively headbutt those who attack you in melee.
Your flesh is heat resistant. (rF+)


Message History

You slice the ogre!!
You kill the ogre!
Okawaru accepts your kill.
You block the skeletal warrior's attack.
The ogre mage gestures at you while chanting.
You suddenly lose the ability to move!
Something hits you.
The yaktaur unwields a +0 arbalest.
The yaktaur hits you but does no damage.
The yaktaur hits you! The fire elemental hits you. x2
The fire elemental burns you! You resist.
Something hits you but does no damage.
The skeletal warrior hits you from afar with a +0 trident!
* * * LOW HITPOINT WARNING * * *
The fire elemental hits you. x2
* * * LOW HITPOINT WARNING * * *
The yaktaur hits you but does no damage. x2
Something hits you but does no damage.
The skeletal warrior hits you but does no damage.
The fire elemental hits you. The fire elemental burns you! You resist.
* * * LOW HITPOINT WARNING * * *
The fire elemental hits you. Something hits you.
* * * LOW HITPOINT WARNING * * *
The yaktaur hits you.
* * * LOW HITPOINT WARNING * * *
The yaktaur hits you but does no damage.
The fire elemental hits you. The fire elemental burns you! You resist.
* * * LOW HITPOINT WARNING * * *
Something hits you but does no damage. The fire elemental hits you.
The fire elemental burns you! You resist.
* * * LOW HITPOINT WARNING * * *
The skeletal warrior hits you but does no damage.
The deep elf pyromancer casts a spell.
The ogre mage hits you with a +0 whip!
* * * LOW HITPOINT WARNING * * *
The yaktaur hits you.
* * * LOW HITPOINT WARNING * * *
The yaktaur hits you!
* * * LOW HITPOINT WARNING * * *
The fire elemental hits you. Something hits you.
You die...

##. ###)####.. #.. # #)#
#.. #.. . ####.# #..
#..##. #....####.. #
#..#.# .#..........
##.#..#.##..#...#######
.....§.zZ #.........#
###.#.c#E#####.#######.#
.....Zc@E°........# #
.....OO{e......##.# #
###.#..#.####### .# #
.......e. .# . #.#..#.##
# #.#..#.# . #..##. .
#.. .


You could see a skeletal warrior, a two-headed ogre, an ogre mage, 2 yaktaurs, 2
deep elf pyromancers, 2 fire elementals and 2 centaur warrior skeletons.

Vanquished Creatures
  Rupert (D:12)
  Frances (D:12)
  The ghost of Summon the Severer, a journeyman MiBe of Trog (D:10)
  Josephine (D:13)
  Harold (D:10)
  2 centaur warriors
  4 hydras
  2 boulder beetles
  4 two-headed ogres
  A death yak (Lair:2)
  5 orc high priests (Orc:2)
  Sonja (D:10)
  A skyshark (Lair:3)
  12 skeletal warriors
  A deep troll (Lair:2)
  An orc knight (Orc:2)
  An orc sorcerer (Orc:2)
  2 deep elf pyromancers (D:13)
  3 ugly things
  2 cyclopes
  8 elephants
  2 centaur zombies (D:12)
  4 molten gargoyles
  Joseph (D:8)
  A guardian serpent (Lair:2)
  2 gargoyles (D:11)
  An unseen horror (D:7)
  7 cane toads
  3 rime drakes
  A kobold demonologist (D:12)
  A yaktaur (D:13)
  9 komodo dragons
  4 trolls
  A polar bear (Lair:1)
  A hornet (D:8)
  Grinder (D:3)
  15 blink frogs
  A vampire (D:10)
  A culicivora (shapeshifter) (D:10)
  4 shadows
  8 wraiths
  A wyvern (Lair:1)
  Grum (D:8)
  4 basilisks
  14 yaks
  9 vampire mosquitoes
  Edmund (D:6)
  4 wargs
  4 acid dragons
  4 water moccasins
  25 orc warriors
  4 ice beasts
  4 black bears
  5 ogres
  3 boggarts (D:13)
  9 centaurs
  3 wolves (D:8)
  A phantom (D:5)
  5 kobold brigands
  8 bullfrogs
  A gnoll sergeant (D:8)
  3 scorpions
  6 wights
  11 killer bees
  3 howler monkeys
  2 electric eels
  A lava snake (D:9)
  4 hounds
  A jelly (D:7)
  27 orc priests
  A sleepcap (D:5)
  Jessica (D:3)
  6 iguanas
  22 orc wizards
  A centaur simulacrum (D:10)
  8 gnolls
  4 river rats
  12 adders
  A shadow imp (D:5)
  5 white imps
  3 worms
  4 dart slugs
  64 orcs
  10 ball pythons
  13 endoplasms
  2 hobgoblins
  2 quokkas
  8 bats
  2 frilled lizards
  5 goblins
  18 kobolds
  7 rats
490 creatures vanquished.

Vanquished Creatures (others)
  A shadow (D:11)
1 creature vanquished.

Grand Total: 491 creatures vanquished

Notes
Turn   | Place    | Note
-------+----------+-------------------------------------------
     0 | D:1      | Peloso the Minotaur Fighter began the quest for the Orb.
     0 | D:1      | Reached XP level 1. HP: 19/19 MP: 0/0
   429 | D:1      | Reached XP level 2. HP: 27/27 MP: 1/1
   742 | D:1      | Gained mutation: Your flesh is heat resistant. (rF+)
                  | [potion of mutation]
  1114 | D:2      | Found a shimmering altar of Xom.
  1308 | D:2      | Reached XP level 3. HP: 31/33 MP: 2/2
  1344 | D:3      | Reached skill level 3 in Long Blades
  1356 | D:3      | HP: 1/33 [iguana (4)]
  1617 | D:3      | Noticed Jessica
  1625 | D:3      | Reached XP level 4. HP: 25/41 MP: 3/3
  1625 | D:3      | Killed Jessica
  1689 | D:3      | Noticed Grinder
  1804 | D:3      | Found a faded altar of an unknown god.
  1893 | D:3      | Reached skill level 4 in Long Blades
  1988 | D:3      | Paralysed by Grinder for 5 turns
  2137 | D:3      | HP: 2/41 [Grinder/nerve-wracking pain (3)]
  2300 | D:3      | Paralysed by Grinder for 2 turns
  2304 | D:3      | Killed Grinder
  2305 | D:3      | Reached skill level 5 in Long Blades
  2305 | D:3      | Reached skill level 5 in Armour
  2305 | D:3      | Reached XP level 5. HP: 17/47 MP: 4/4
  2305 | D:3      | Reached XP level 6. HP: 20/55 MP: 5/5
  2537 | D:4      | Found a glowing drain.
  2583 | Sewer    | Entered a sewer
  2662 | Sewer    | Reached skill level 5 in Fighting
  2662 | Sewer    | Reached skill level 1 in Dodging
  3007 | Sewer    | Reached skill level 6 in Long Blades
  3007 | Sewer    | Reached skill level 1 in Stealth
  3183 | Sewer    | Reached XP level 7. HP: 52/61 MP: 6/6
  3565 | D:4      | Identified the +8 whip "Ureleir" {heavy, rCorr Str+3}
  3741 | D:4      | Identified the +5 leather armour of the Hidden Lies {-Tele
                  | Rampage rElec Str-3}
  3758 | D:4      | Reached skill level 7 in Long Blades
  4335 | D:5      | Entered Level 5 of the Dungeon
  4357 | D:5      | Found a glowing golden altar of the Shining One.
  4357 | D:5      | Found a hazy altar of Hepliaklqana.
  4361 | D:5      | Reached skill level 1 in Maces & Flails
  4361 | D:5      | Found a burning altar of Makhleb.
  4415 | D:5      | Found a radiant altar of Vehumet.
  4507 | D:5      | Reached XP level 8. HP: 44/69 MP: 7/7
  4656 | D:5      | Found a shadowy altar of Dithmenos.
  4946 | D:5      | Found a white marble altar of Elyvilon.
  5365 | D:6      | Found a staircase to the Ecumenical Temple.
  5374 | Temple   | Entered the Ecumenical Temple
  5390 | Temple   | Became a worshipper of Warmaster Okawaru
  5431 | D:6      | Reached skill level 5 in Shields
  5609 | D:6      | Reached skill level 5 in Maces & Flails
  5621 | D:6      | Reached * piety under Okawaru
  5867 | D:6      | Found an ornate altar of the Wu Jian Council.
  6013 | D:6      | Reached XP level 9. HP: 73/75 MP: 8/8
  6293 | D:6      | Found a sacrificial altar of Ru.
  6568 | D:6      | Reached ** piety under Okawaru
  6774 | D:6      | Noticed Edmund
  6780 | D:6      | Killed Edmund
  7214 | D:7      | Found the +11 Singing Sword {sonic wave}
  7321 | D:7      | Found a broken altar of Ashenzari.
  7321 | D:7      | Found an opulent altar of Gozag.
  7399 | D:7      | Killed an unseen horror
  7400 | D:7      | Reached skill level 8 in Long Blades
  8035 | D:8      | Noticed Grum
  8039 | D:8      | Reached *** piety under Okawaru
  8043 | D:8      | Killed Grum
  8044 | D:8      | Reached XP level 10. HP: 61/86 MP: 9/9
  8044 | D:8      | Noticed Joseph
  8056 | D:8      | Killed Joseph
  8304 | D:8      | Reached skill level 9 in Long Blades
  8462 | D:9      | Noticed a molten gargoyle
  8471 | D:9      | Killed a molten gargoyle
  8476 | D:9      | Noticed a molten gargoyle
  8477 | D:9      | Noticed a molten gargoyle
  8478 | D:9      | Noticed a molten gargoyle
  8479 | D:9      | Reached **** piety under Okawaru
  8707 | D:8      | Killed a molten gargoyle
  8710 | D:8      | Killed a molten gargoyle
  8711 | D:8      | Reached skill level 10 in Armour
  8818 | D:9      | Killed a molten gargoyle
  8827 | D:9      | Reached skill level 10 in Long Blades
  8998 | D:9      | Found a staircase to the Lair.
  9007 | D:9      | Reached ***** piety under Okawaru
  9066 | D:9      | Found Donuk's Distillery.
  9240 | D:9      | Found a bloodstained altar of Trog.
 10069 | D:10     | Entered Level 10 of the Dungeon
 10109 | D:10     | Reached XP level 11. HP: 85/94 MP: 10/10
 10134 | D:10     | Found a glowing silver altar of Zin.
 10150 | D:10     | Reached skill level 11 in Long Blades
 10412 | D:10     | Noticed a cyan ugly thing
 10420 | D:10     | Killed a cyan ugly thing
 10440 | D:10     | Found a blossoming altar of Fedhas.
 10477 | D:10     | Noticed Sonja
 10483 | D:10     | Killed Sonja
 10483 | D:10     | Received a gift from Okawaru
 10513 | D:10     | Noticed Harold
 10524 | D:10     | Killed Harold
 10606 | D:10     | Found a staircase to the Orcish Mines.
 10672 | D:10     | Found a runed translucent gate.
 10672 | D:10     | Found a runed translucent gate.
 10672 | D:10     | Found a runed translucent gate.
 10757 | D:10     | Noticed Summon's ghost (journeyman MiBe)
 11058 | D:11     | Noticed a centaur warrior
 11066 | D:11     | Reached skill level 12 in Long Blades
 11072 | D:11     | Killed a centaur warrior
 11658 | D:11     | Reached skill level 1 in Invocations
 11981 | D:11     | Noticed a red ugly thing
 11989 | D:11     | Killed a red ugly thing
 11990 | D:11     | Reached skill level 10 in Shields
 12042 | D:11     | Noticed a two-headed ogre
 12050 | D:11     | Killed a two-headed ogre
 12051 | D:11     | Reached skill level 13 in Long Blades
 12051 | D:11     | Reached XP level 12. HP: 91/106 MP: 11/11
 12100 | D:11     | Found Bakeluuf's Distillery.
 12271 | Lair:1   | Entered Level 1 of the Lair of Beasts
 12369 | Lair:1   | Reached ****** piety under Okawaru
 12437 | Lair:1   | Reached skill level 10 in Fighting
 12591 | Lair:1   | Identified the +6 plate armour of Repulsion {Stlth+}
                  | (Okawaru gifted it to you on level 1 of the Lair of Beasts)
 12591 | Lair:1   | Received a gift from Okawaru
 12946 | Lair:1   | Found a runed translucent door.
 12947 | Lair:1   | Found a shimmering altar of Xom.
 12947 | Lair:1   | Noticed Zeus21348's ghost (journeyman GrEE)
 13378 | Lair:2   | Reached skill level 14 in Long Blades
 13662 | Lair:2   | Found a staircase to the Shoals.
 13859 | Lair:2   | Noticed a boulder beetle
 13882 | Lair:2   | Killed a boulder beetle
 14088 | Lair:2   | Found a staircase to the Snake Pit.
 14320 | Lair:2   | Noticed a death yak
 14335 | Lair:2   | Killed a death yak
 14336 | Lair:2   | Reached XP level 13. HP: 116/116 MP: 12/12
 14368 | Lair:2   | Received a gift from Okawaru
 14408 | Lair:2   | Found the +3 pair of seven-league boots {Rampage+∞}
 14901 | Lair:3   | Reached skill level 15 in Long Blades
 15209 | Lair:3   | Found a runed translucent gate.
 15209 | Lair:3   | Found a runed translucent gate.
 15209 | Lair:3   | Found a runed translucent gate.
 15209 | Lair:3   | Noticed Glaurung's ghost (journeyman MiBe)
 15998 | D:12     | Received a gift from Okawaru
 16064 | D:12     | Noticed Frances
 16075 | D:12     | Killed Frances
 16216 | D:12     | Found a basalt altar of Yredelemnul.
 16992 | D:10     | Killed Summon's ghost
 16992 | D:10     | Received a gift from Okawaru
 17080 | Orc:1    | Entered Level 1 of the Orcish Mines
 17557 | Orc:2    | Entered Level 2 of the Orcish Mines
 17842 | Orc:2    | Reached skill level 16 in Long Blades
 18317 | Orc:2    | Reached XP level 14. HP: 103/127 MP: 13/13
 18326 | Orc:2    | Identified the +0 buckler of Uceuwne {Rampage +Inv rF+++
                  | Int-3} (Okawaru gifted it to you on level 2 of the Orcish
                  | Mines)
 18326 | Orc:2    | Received a gift from Okawaru
 18713 | Orc:2    | Found a staircase to the Elven Halls.
 18950 | Orc:2    | Found Unata's Book Shoppe.
 18950 | Orc:2    | Found Head's Magic Scroll Shoppe.
 18951 | Orc:2    | Found Mimniseu's Armour Emporium.
 18955 | Orc:2    | Found Noynu's Book Emporium.
 19391 | D:12     | Noticed Rupert
 19411 | D:12     | Killed Rupert
 19527 | D:13     | Noticed Josephine
 19536 | D:13     | Killed Josephine
 20035 | D:13     | Reached skill level 15 in Shields
 20047 | D:13     | Paralysed by an ogre mage for 5 turns
 20050 | D:13     | HP: 2/129 [yaktaur (12)]
 20050 | D:13     | Slain by a deep elf knight

Illustrated notes

Levels and vault maps discovered:
D:1:      sevenhm_arrival_forest_fort_large_2, layout_loops_ring,
          dk_noncrumbling_2
D:2:      layout_rooms, basic_altar
D:3:      layout_rooms, shapermc_ecumenical_altar_starsandcircs, uniq_grinder,
          uniq_jessica
D:4:      layout_loops_cross, cheibrodos_sewer_entry_sluice
D:5:      layout_basic, chequers_temple_overflow_statue_of_worship,
          mainiacjoe_overflow_paths, general_overflow_altar,
          grunt_dithmenos_smoke_and_mirrors
D:6:      layout_basic, lemuel_tele_altar, nicolae_ru_path_of_blood,
          minmay_temple_entry_tees, lightli_minifort, uniq_edmund
D:7:      layout_loops_ring, jmf_multi_god_temple, fountainhead
D:8:      layout_basic, uniq_joseph, uniq_grum
D:9:      layout_basic, mainiacjoe_overflow_24_doors, lair_entry_dummy,
          serial_shops, nicolae_shop_statue_plus, minivault_8
D:10:     layout_irregular_city, nicolae_overflow_crystal_walls,
          mainiacjoe_overflow_concentric_impassable, orc_0_dummy,
          gammafunk_ghost_icy, chequers_garden, uniq_sonja, uniq_harold
D:11:     minmay_s_stair_smasher, layout_loops_ring, serial_shops, shop
D:12:     layout_basic, lemuel_zombie_altar_yredelemnul, uniq_rupert,
          uniq_frances
D:13:     layout_basic, hangedman_vaults_entry_quadrant_bands,
          minmay_checkered_concentric_circles, uniq_josephine
Temple:   corrupted_temple
Lair:1:   layout_hall_layers, ebering_ghost_xom, infiniplex_staircase_pool_2,
          grunt_megastairs_4, serial_bayou_shore_a
Lair:2:   dreamdust_cave_troll, layout_regular_city,
          minmay_shoals_entry_centaurs, dummy_snake_entry,
          hellmonk_guarded_unrand_seven_league_boots
Lair:3:   layout_gridlike, gammafunk_ghost_hydra_chop
Orc:1:    layout_diamond_mine, dreamdust_deal_with_the_devil
Orc:2:    st_orc_mages, layout_caves

Skill      XL: |  1  2  3  4  5  6  7  8  9 10 11 12 13 14 |
---------------+-------------------------------------------+-----
Fighting       | 4 5 6 7 8 9 11 12 13 | 13.2
Armour         | 4 5 6 8 9 10 11 13 14 | 14.7
Long Blades    | 3 5 6 7 8 10 13 14 16 | 16.5
Shields        | 4 5 6 8 10 11 13 15 | 15.0
Dodging        | 1 2 4 |  4.7
Stealth        | 1 2 |  2.5
Maces & Flails | 1 5 7 |  7.5
Invocations    | 1 |  1.4
Unarmed Combat | |  0.1
Evocations     | |  0.9

Action                     |  1- 3 |  4- 6 |  7- 9 | 10-12 | 13-15 || total
---------------------------+-------+-------+-------+-------+-------++-------
  Melee: Long sword        |    80 |   111 |    46 |       |       ||   237
         Headbutt          |     9 |    16 |    33 |    73 |   101 ||   232
         Unarmed           |       |     1 |       |       |       ||     1
         Whip              |       |       |   146 |       |       ||   146
         Double sword      |       |       |    36 |   323 |   397 ||   756
         Scimitar          |       |       |    26 |       |    22 ||    48
 Invoke: Heroism           |       |       |     1 |     2 |     4 ||     7
  Evoke: Wand              |       |     1 |       |       |     8 ||     9
    Use: Potion            |     3 |       |       |     3 |       ||     6
         Scroll            |       |       |    13 |     8 |     5 ||    26
   Stab: Paralysed         |       |     1 |       |       |       ||     1
 Armour: Scale mail        |    29 |    49 |    48 |       |       ||   126
         Chain mail        |       |       |    82 |    19 |       ||   101
         Plate armour      |       |       |       |   211 |   253 ||   464
  Dodge: Dodged            |    31 |    41 |   134 |    86 |    56 ||   348
  Block: Buckler           |     8 |    31 |    68 |    18 |       ||   125
         Tower shield      |       |       |       |   232 |   344 ||   576
